 Dungeon Crawl Stone Soup version 0.29-a0-993-g4a18f31a58 (webtiles) character file.

Game seed: 14530566415027329142

2632 jlumianski the Cleaver (level 9, -1/78 HPs)
             Began as a Minotaur Fighter on Aug 2, 2022.
             Was a Follower of Qazlal.
             Slain by a two-headed ogre
             ... wielding a +0 giant spiked club
              (6 damage)
             ... on level 6 of the Dungeon.
             The game lasted 00:21:33 (6908 turns).

jlumianski the Cleaver (Minotaur Fighter)           Turns: 6908, Time: 00:21:34

Health: -1/78      AC: 14    Str: 24    XL:     9   Next: 35%
Magic:  0/8        EV:  8    Int:  5    God:    Qazlal [*.....]
Gold:   502        SH:  6    Dex: 11    Spells: 8/8 levels left

rFire   . . .      SeeInvis .   y - +3 war axe (freeze)
rCold   . . .      Faith    .   c - +0 buckler
rNeg    . . .      Spirit   +   v - +0 chain mail
rPois   .          Reflect  .   (helmet restricted)
rElec   .          Harm     .   i - +2 cloak
rCorr   .          Rampage  .   (no gloves)
Will    .....                   (no boots)
Stlth   ..........              j - amulet of guardian spirit
HPRegen 0.23/turn               (no ring)
MPRegen 0.11/turn               (no ring)

@: no status effects
A: horns 2, retaliatory headbutt
a: Renounce Religion


You were on level 6 of the Dungeon.
You worshipped Qazlal.
Qazlal was aware of your devotion.
You visited 1 branch of the dungeon, and saw 7 of its levels.

You collected 502 gold pieces.

Inventory:

Hand Weapons
 a - a +0 war axe
 h - a +0 spear of freezing
 l - a +1 morningstar of holy wrath
 y - a +3 war axe of freezing (weapon)
Missiles
 q - 6 boomerangs
 t - 6 poisoned darts (quivered)
Armour
 b - a +0 scale mail
 c - a +0 buckler (worn)
 i - a +2 cloak (worn)
 o - the +2 robe "Gionysk" {Will+++ Regen+ Dex+3 Stlth-}
   (You found it on level 2 of the Dungeon)

   Dex:       It affects your dexterity (+3).
   Regen:     It increases your rate of health regeneration.
   Will:      It greatly increases your willpower.
   Stlth:     It makes you less stealthy.
 s - the +1 ring mail of Fun and Games {rPois rC+}
   (You found it on level 5 of the Dungeon)

   rC:        It protects you from cold.
   rPois:     It protects you from poison.
 v - a +0 chain mail (worn)
Jewellery
 j - an amulet of guardian spirit (around neck)
 p - a ring of magical power
Wands
 u - a wand of quicksilver (1)
 x - a wand of polymorph (22)
Scrolls
 e - 5 scrolls of immolation
 f - 4 scrolls of identify
 g - 2 scrolls of teleportation
 k - a scroll of magic mapping
 m - a scroll of torment
 n - 3 scrolls of amnesia
 r - a scroll of butterflies
 w - 3 scrolls of noise
Potions
 d - a potion of might
 z - 2 potions of attraction
 A - a potion of mutation
 B - a potion of haste


   Skills:
 + Level 6.5 Fighting
 + Level 9.7 Axes
 + Level 1.3 Throwing
 + Level 7.8 Armour
 + Level 2.0 Dodging
 + Level 0.4 Stealth
 + Level 5.6 Shields
 * Level 4.3 Evocations


You had 8 spell levels left.
You didn't know any spells.
Your spell library contained the following spells:

 Spells                   Type           Power      Damage    Failure   Level
 Foxfire                  Conj/Fire      0%         2x1d4     99%         1
 Magic Dart               Conj           0%         1d3       99%         1
 Call Imp                 Summ           0%         N/A       99%         2
 Conjure Flame            Conj/Fire      0%         6-21      100%        3
 Inner Flame              Hex/Fire       0%         N/A       100%        3
 Mephitic Cloud           Conj/Pois/Air  0%         N/A       100%        3
 Flame Wave               Conj/Fire      0%         2d4       100%        4


Dungeon Overview and Level Annotations

Branches:
Dungeon (7/15)             Temple (0/1) D:5

Altars:
Elyvilon
Okawaru
Qazlal


Innate Abilities, Weirdness & Mutations

You have a pair of horns on your head.
You reflexively headbutt those who attack you in melee.


Message History

A two-headed ogre comes into view.
It is wielding two +0 giant spiked clubs.
Throw: 8 darts (poison)
Press: ? - help, Q - select action, (/) - cycle Shift-Dir - straight line, f - two-headed ogre
Aim: a two-headed ogre, wielding two +0 giant spiked clubs (wandering, hasn't noticed you, 74% to hit)
You throw a poisoned dart.
The poisoned dart hits the two-headed ogre.
The two-headed ogre shouts in stereo!
Throw: 7 darts (poison)
Press: ? - help, Q - select action, (/) - cycle Shift-Dir - straight line, f/p - two-headed ogre
Aim: a two-headed ogre, wielding two +0 giant spiked clubs (74% to hit)
You throw a poisoned dart.
The poisoned dart hits the two-headed ogre.
The two-headed ogre is poisoned.
You hear a splash.
The two-headed ogre attacks as you move away!
The two-headed ogre hits you with a +0 giant spiked club!
The two-headed ogre hits you with a +0 giant spiked club!!
You hear a loud, deep croak!
You hit the two-headed ogre but do no damage.
The two-headed ogre is lightly wounded.
The two-headed ogre hits you with a +0 giant spiked club.
You block the two-headed ogre's attack.
You barely miss the two-headed ogre.
Your headbutt misses the two-headed ogre.
The two-headed ogre is lightly wounded.
You slice the two-headed ogre!! You freeze the two-headed ogre.
The two-headed ogre is heavily wounded.
The two-headed ogre hits you with a +0 giant spiked club!
The two-headed ogre hits you with a +0 giant spiked club!!
* * * LOW HITPOINT WARNING * * *
A bullfrog comes into view.
Okay, then.
Aiming: Quicksilver Bolt
Press: ? - help, Shift-Dir - straight line, f/p - two-headed ogre
Aim: a two-headed ogre, wielding two +0 giant spiked clubs (heavily wounded, poisoned, 88% to hit)
The bolt of dispelling energy hits the two-headed ogre!
The two-headed ogre is severely wounded.
The two-headed ogre looks more healthy.
The two-headed ogre hits you with a +0 giant spiked club.
You die...

....###......####..~###..###~..##
....###......##.... #......##....
....##.....###.~.( #..# #..##..≈
...........##...(# ^.# #..#.~.
............#~...#..# #.†#..
#.##........#.~~.#8.# #.8#.)
..#.....##..#...F...# #..#~.
.........##.#...O#..# #..#~.
.##.........#.≈≈@# .# #.8#.≈
.......##...#≈...# # #..#..
.####.......#...~## ..##~.
.###........##.≈..## .##..~
......#..#...##....## ##....
##...#####....###...### ###≈..##
####..<.##......###...####...####
..##........#..## ###......### #
.####.......##..## ##.##### ##


You could see a two-headed ogre and a bullfrog.

Vanquished Creatures
  A vampire (D:6)
  A steam dragon (D:6)
  3 water moccasins
  2 ice beasts (D:5)
  A sky beast (D:6)
  2 black bears
  2 ogres
  A phantom (D:7)
  A kobold brigand (D:6)
  6 scorpions
  A gnoll sergeant (D:5)
  A wight (D:6)
  2 howler monkeys
  An electric eel (D:6)
  3 orc priests
  2 gnoll boudas (D:6)
  5 hounds
  2 jellies
  4 iguanas
  7 gnolls
  7 adders
  A shadow imp (D:6)
  A white imp (D:6)
  An ufetubus (D:4)
  A worm (D:2)
  11 orcs
  6 bats
  8 endoplasms
  4 giant cockroaches
  4 goblins
  10 hobgoblins
  4 jackals (D:1)
  3 quokkas (D:2)
  5 ball pythons
  2 frilled lizards
  5 kobolds
  5 rats
126 creatures vanquished.

Vanquished Creatures (others)
  2 fungi (D:2)
  7 plants
9 creatures vanquished.

Grand Total: 135 creatures vanquished

Notes
Turn   | Place    | Note
-------+----------+-------------------------------------------
     0 | D:1      | jlumianski the Minotaur Fighter began the quest for the
                  | Orb.
     0 | D:1      | Reached XP level 1. HP: 19/19 MP: 0/0
    93 | D:1      | Reached XP level 2. HP: 24/27 MP: 1/1
   417 | D:1      | Reached XP level 3. HP: 33/33 MP: 2/2
   899 | D:1      | Reached skill level 3 in Axes
  1410 | D:2      | Reached XP level 4. HP: 30/40 MP: 3/3
  1544 | D:2      | You fall into a shaft and drop 1 floor!
  1923 | D:2      | Reached skill level 4 in Axes
  1951 | D:2      | Found a faded altar of an unknown god.
  1992 | D:2      | Identified the +2 robe "Gionysk" {Will+++ Regen+ Dex+3
                  | Stlth-}
  2476 | D:3      | Reached XP level 5. HP: 21/46 MP: 4/4
  3307 | D:5      | Entered Level 5 of the Dungeon
  3307 | D:5      | Noticed a black bear
  3315 | D:5      | Killed a black bear
  3316 | D:5      | Reached skill level 5 in Axes
  3316 | D:5      | Reached skill level 1 in Dodging
  3316 | D:5      | Reached XP level 6. HP: 53/53 MP: 5/5
  3333 | D:5      | Identified the +1 ring mail of Fun and Games {rPois rC+}
  3400 | D:5      | Reached skill level 5 in Armour
  3417 | D:4      | Reached skill level 5 in Fighting
  3534 | D:4      | Reached skill level 6 in Axes
  3534 | D:4      | Reached skill level 1 in Evocations
  3534 | D:4      | Reached XP level 7. HP: 57/61 MP: 3/6
  4022 | D:4      | Found a stormy altar of Qazlal.
  4022 | D:4      | Found a white marble altar of Elyvilon.
  4022 | D:4      | Found an iron altar of Okawaru.
  4029 | D:4      | Became a worshipper of Qazlal Stormbringer
  4106 | D:6      | Noticed a vampire
  4132 | D:6      | Noticed a steam dragon
  4179 | D:5      | Reached skill level 1 in Throwing
  4636 | D:5      | Reached skill level 7 in Axes
  4844 | D:5      | Reached skill level 5 in Shields
  4844 | D:5      | Reached XP level 8. HP: 70/70 MP: 7/7
  4964 | D:5      | Found a staircase to the Ecumenical Temple.
  5212 | D:5      | Reached skill level 8 in Axes
  5922 | D:6      | Reached skill level 9 in Axes
  5999 | D:6      | Reached XP level 9. HP: 56/77 MP: 5/8
  6667 | D:7      | Reached * piety under Qazlal
  6900 | D:6      | Noticed a two-headed ogre
  6908 | D:6      | Slain by a two-headed ogre

Illustrated notes

Levels and vault maps discovered:
D:1:      dpeg_arrival_tiny_a, layout_loops_corners
D:2:      minmay_general_purpose_star, layout_basic,
          shapermc_ecumenical_altar_acropolis
D:3:      layout_loops_ring
D:4:      layout_rooms, gammafunk_temple_overflow_claw, hex_tiny
D:5:      layout_rooms, minmay_temple_entry_nine_rooms,
          minmay_misc_feat_enclosed, kennysheep_cluttered_room
D:6:      layout_cave_pools, chequers_big_river, nzn_random_ring
D:7:      layout_loops_cross

Skill      XL: |  1  2  3  4  5  6  7  8  9 |
---------------+----------------------------+-----
Shields        | 4 5 |  5.6
Armour         | 4 5 6 7 |  7.8
Axes           | 3 4 5 6 7 9 |  9.7
Fighting       | 4 5 6 |  6.5
Dodging        | 1 2 |  2.0
Evocations     | 1 2 3 4 |  4.3
Throwing       | 1 |  1.3
Stealth        | |  0.4

Action                   |  1- 3 |  4- 6 |  7- 9 || total
-------------------------+-------+-------+-------++-------
Melee: War axe           |    82 |    93 |   221 ||   396
       Headbutt          |     5 |    10 |    40 ||    55
Throw: Boomerang         |       |     6 |     8 ||    14
       Dart              |       |     2 |     2 ||     4
Evoke: Wand              |       |       |     3 ||     3
  Use: Scroll            |       |     6 |     6 ||    12
       Potion            |       |       |     5 ||     5
Armor: Scale mail        |    44 |    59 |     6 ||   109
       Chain mail        |       |       |    98 ||    98
Dodge: Dodged            |    45 |    52 |    73 ||   170
Block: Buckler           |    26 |    14 |    51 ||    91

Table legend: (Time is in decaauts)
 A = Elapsed time spent in this place.
 B = Non-inter-level travel time spent in this place.
 C = Inter-level travel time spent in this place.
 D = Time resting spent in this place.
 E = Time spent auto-exploring this place.
 F = Levels seen in this place.
 G = Mean time per level.
                   A        B        C        D        E       F      G
               +--------+--------+--------+--------+--------+-----+--------+
         Total |   7036 |   6879 |    157 |   1299 |   3261 |   7 | 1005.1 |
       Dungeon |   7036 |   6879 |    157 |   1299 |   3261 |   7 | 1005.1 |
               +--------+--------+--------+--------+--------+-----+--------+

Top non-repeatable levels by time:
     D:5: 1696 daAuts
     D:2: 1345 daAuts
     D:6: 1159 daAuts
     D:3: 1027 daAuts
     D:1: 959 daAuts
     D:4: 715 daAuts
     D:7: 131 daAuts
